 Dungeon Sprint DCSS version 0.30-a0-116-g3b1a8e4ee4 (webtiles) character file.

Game seed: 3757069801097884407

135 rocky1 the Covered (level 4, -3/45 HPs)
             Began as a Minotaur Fighter on Sept 13, 2022.
             Slain by a shadow (7 damage)
             ... in the Dungeon (Sprint III: "The Ten Rune Challenge").
             The game lasted 00:01:04 (498 turns).

rocky1 the Covered (Minotaur Fighter)                Turns: 498, Time: 00:01:04

Health: -3/45      AC:  7    Str: 21    XL:     4   Next: 97%
Magic:  2/2        EV: 10    Int:  5    God:
Gold:   21         SH:  5    Dex: 11    Spells: 3/3 levels left

rFire   . . .      SeeInvis .    a - +0 long sword
rCold   . . .      Faith    .    c - +0 buckler
rNeg    . . .      Spirit   .    b - +0 scale mail
rPois   +          Reflect  .    (helmet restricted)
rElec   .          Harm     .    (no cloak)
rCorr   .          Rampage  .    (no gloves)
Will    .....      NoTele   +    (no boots)
Stlth   ..........               (no amulet)
HPRegen 0.15/turn                (no ring)
MPRegen 0.08/turn                (no ring)

@: no status effects
A: horns 2, retaliatory headbutt, low MP 1, poison resistance, MP-powered wands
a: no special abilities


You were in the Dungeon.
You visited 1 branch You collected 21 gold pieces.

Inventory:

Hand Weapons
 a - a +0 long sword (weapon)
Armour
 b - a +0 scale mail (worn)
 c - a +0 buckler (worn)
Scrolls
 j - a scroll of blinking
 l - a scroll of torment {unknown}
 m - 2 scrolls of identify {unknown}
 o - a scroll of immolation {unknown}
Potions
 d - a potion of might
 e - 2 potions of curing
 f - a potion of heal wounds
 g - a potion of haste
 h - 2 potions of magic
 k - 2 potions of mutation
 n - 2 potions of flight {unknown}


   Skills:
 + Level 6.7 Fighting
 + Level 6.6 Long Blades
 + Level 7.0 Armour
 + Level 1.3 Dodging
 + Level 6.5 Shields


You had 3 spell levels left.
You didn't know any spells.
Your spell library was empty.

Dungeon Overview and Level Annotations

Branches:
Dungeon (1/1)

Altars:


Innate Abilities, Weirdness & Mutations

You have a pair of horns on your head.
You reflexively headbutt those who attack you in melee.
Your magical capacity is low. (-10% MP)
Your system is resistant to poisons. (rPois)
You expend magic power (3 MP) to strengthen your wands.


Message History

You start resting.
You recover from your berserk rage.
You start resting.
You start resting.
HP restored.
You start waiting.
Done waiting.
There is an open door to the Ecumenical Temple here.
There is a fountain of clear blue water here.
As you open the door, it creaks loudly!
A jelly comes into view.
A shadow comes into view.
You closely miss the shadow. Your headbutt misses the shadow.
The shadow hits you!
You hit the shadow.
You headbutt the shadow, but do no damage.
The shadow is lightly damaged.
The shadow hits you.
You closely miss the shadow. Your headbutt misses the shadow.
The shadow is lightly damaged.
The shadow hits you.
You hit the shadow but do no damage.
The shadow is lightly damaged.
The shadow hits you.
You slash the shadow!
The shadow is heavily damaged.
You block the shadow's attack.
You barely miss the shadow. Your headbutt misses the shadow.
The shadow is heavily damaged.
The shadow slips into darkness.
The shadow flickers and vanishes!
Deactivating autopickup; reactivate with Ctrl-A.
You barely miss something.
The shadow strikes at you from the darkness!
Ouch! That really hurt!
* * * LOW HITPOINT WARNING * * *
Reactivating autopickup.
You hit the shadow.
The shadow is heavily damaged.
The shadow hits you!
You die...

▓▓▓ ##.# ####..#
#..#..#
#..#..###+#+###+##
##'#..#..........#
###...'.⌠.......@#
###...#...######W#
##....#.⌠.# .J#
#.....#...# ...#
÷.....#+### #...#
#.....# #...+
##....# +...#
▓▓▓▓▓▓ ▓▓▓▓▓


You could see a shadow and a jelly.

Vanquished Creatures
  A water elemental (D)
  A scorpion (D)
  A human (D)
  An endoplasm (D)
  3 rats (D)
7 creatures vanquished.

Notes
Turn   | Place    | Note
-------+----------+-------------------------------------------
     0 | D        | rocky1 the Minotaur Fighter began the quest for the Orb.
     0 | D        | Reached XP level 1. HP: 19/19 MP: 0/0
    12 | D        | Reached skill level 4 in Armour
   101 | D        | Reached skill level 5 in Armour
   101 | D        | Reached XP level 2. HP: 21/28 MP: 1/1
   171 | D        | Noticed a scorpion
   181 | D        | Killed a scorpion
   182 | D        | Reached skill level 5 in Long Blades
   182 | D        | Reached skill level 6 in Armour
   182 | D        | Reached skill level 5 in Shields
   182 | D        | Reached XP level 3. HP: 28/37 MP: 2/2
   182 | D        | Reached XP level 4. HP: 33/44 MP: 3/3
   200 | D        | Gained mutation: You have sharp toenails. [potion of
                  | mutation]
   200 | D        | Gained mutation: Armour fits poorly on your strangely
                  | shaped body. [potion of mutation]
   200 | D        | Gained mutation: You are vulnerable to cold. (rC-) [potion
                  | of mutation]
   200 | D        | Gained mutation: You expend magic power (3 MP) to
                  | strengthen your wands. [potion of mutation]
   201 | D        | Lost mutation: You are vulnerable to cold. (rC-) [potion of
                  | mutation]
   201 | D        | Lost mutation: You have sharp toenails. [potion of
                  | mutation]
   201 | D        | Lost mutation: Armour fits poorly on your strangely shaped
                  | body. [potion of mutation]
   201 | D        | Gained mutation: Your magical capacity is low. (-10% MP)
                  | [potion of mutation]
   201 | D        | Gained mutation: Your system is resistant to poisons.
                  | (rPois) [potion of mutation]
   262 | D        | Noticed a water elemental
   267 | D        | Killed a water elemental
   268 | D        | Reached skill level 7 in Armour
   268 | D        | Reached skill level 1 in Dodging
   489 | D        | Noticed a shadow
   498 | D        | Slain by a shadow

Illustrated notes

Levels and vault maps discovered:
D:        dungeon_sprint_mu [sprint_mu_entry_cave, sprint_mu_temple_rooms,
          sprint_mu_d1_horrors, sprint_mu_d2_genie, sprint_mu_d3_branching,
          sprint_mu_orc_legion, sprint_mu_elf_gauntlet, sprint_mu_hive_nellie,
          sprint_mu_lair_fedhas, sprint_mu_vaults_butterflies,
          sprint_mu_slime_circle, sprint_mu_swamp_cave, sprint_mu_shoals_archi,
          sprint_mu_blade_basic, sprint_mu_crypt_fortress,
          sprint_mu_tomb_spiral, sprint_mu_vestibule_basic,
          sprint_mu_gehenna_hellfire, sprint_mu_dis_giant,
          sprint_mu_tartarus_statrot, sprint_mu_cocytus_islands, sprint_mu_zot1]

Skill      XL: |  1  2  3  4 |
---------------+-------------+-----
Fighting       | 4 6 |  6.7
Armour         | 5 6 7 |  7.0
Shields        | 4 5 6 |  6.5
Long Blades    | 3 5 6 |  6.6
Dodging        | 1 |  1.3

Action                   |  1- 3 |  4- 6 || total
-------------------------+-------+-------++-------
Melee: Long sword        |    31 |    12 ||    43
       Headbutt          |     3 |     2 ||     5
  Use: Potion            |       |     3 ||     3
Armor: Scale mail        |    11 |     2 ||    13
Dodge: Dodged            |    11 |       ||    11
Block: Buckler           |    10 |     2 ||    12

Table legend: (Time is in decaauts)
 A = Elapsed time spent in this place.
 B = Non-inter-level travel time spent in this place.
 C = Inter-level travel time spent in this place.
 D = Time resting spent in this place.
 E = Time spent auto-exploring this place.
 F = Levels seen in this place.
 G = Mean time per level.
                   A        B        C        D        E       F      G
               +--------+--------+--------+--------+--------+-----+--------+
         Total |    516 |    516 |      0 |    374 |     15 |   1 |  516.0 |
       Dungeon |    516 |    516 |      0 |    374 |     15 |   1 |  516.0 |
               +--------+--------+--------+--------+--------+-----+--------+

Top non-repeatable levels by time:
       D: 516 daAuts
